 Dungeon Crawl Stone Soup version 0.28-a0-500-g121bc3e445 (webtiles) character file.

Game seed: 1601514380075781214

2247 Shayle the Skirmisher (level 9, 0/136 (144) HPs)
             Began as an Ogre Warper on Sept 20, 2021.
             Was a Believer of the Shining One.
             Slain by an orc warrior (9 damage)
             ... on level 7 of the Dungeon.
             The game lasted 00:30:23 (8629 turns).

Shayle the Skirmisher (Ogre Warper)                 Turns: 8629, Time: 00:30:24

HP:   0/136 (144)   AC: 24    Str: 17    XL:     9   Next: 37%
MP:   4/17          EV:  1    Int: 17    God:    the Shining One [**....]
Gold: 230           SH:  0    Dex:  8    Spells: 6/18 levels left

rFire   . . .      SeeInvis .   u - +2 dire flail (holy)
rCold   + . .      Faith    .   (shield currently unavailable)
rNeg    + + +      Spirit   .   (armour currently unavailable)
rPois   +          Reflect  .   (helmet currently unavailable)
rElec   .          Harm     .   (cloak currently unavailable)
rCorr   +          Rampage  .   (gloves unavailable)
Will    .....      NoTele   +   (boots unavailable)
Stlth   +.........              j - amulet of the acrobat
HPRegen 0.32/turn               r - ring of protection from cold
MPRegen 0.15/turn               A - ring of resist corrosion

@: tree-form, very slightly contaminated, hasted, glowing, drained, invisible
(but backlit and visible), very quick
A: stationary, stasis, torment immunity, boosted hp, large, unfitting armour,
(tough skin 1)
a: Renounce Religion, Divine Shield


You were on level 7 of the Dungeon.
You worshipped the Shining One.
The Shining One was pleased with you.
You were a tree.
You visited 2 branches of the dungeon, and saw 8 of its levels.

You collected 230 gold pieces.

Inventory:

Hand Weapons
 a - a +1 spear of freezing
 e - a +1 dagger of flaming
 f - a +0 scythe of protection
 u - a +2 dire flail of holy wrath (weapon)
Missiles
 d - 2 boomerangs of dispersal (quivered)
 l - 18 poisoned darts
 n - 2 silver boomerangs
 B - a throwing net
 D - 4 boomerangs
Armour
 b - a +0 robe
 o - a +1 robe of cold resistance
 y - a +1 troll leather armour (melded)
 z - a +2 hat (melded)
Jewellery
 j - an amulet of the acrobat (around neck)
 r - a ring of protection from cold (left branch)
 s - an amulet of guardian spirit
 x - an amulet of reflection
 A - a ring of resist corrosion (right branch)
Wands
 c - a wand of polymorph (3)
 v - a wand of mindburst (9)
Scrolls
 g - a scroll of immolation
 h - 2 scrolls of magic mapping
 i - a scroll of teleportation
 w - a scroll of holy word
Potions
 m - 2 potions of mutation
 p - 2 potions of attraction
 t - a potion of haste


   Skills:
 + Level 7.9 Fighting
 + Level 5.8 Polearms
 - Level 1.0 Throwing
 + Level 2.5 Armour
 - Level 2.1 Dodging
 + Level 5.3 Spellcasting
 - Level 2.3 Conjurations
 - Level 2.6 Translocations
 + Level 3.9 Air Magic
 - Level 2.2 Poison Magic
 + Level 4.2 Invocations


You had 6 spell levels left.
You knew the following spells:

 Your Spells              Type           Power      Damage    Failure   Level
a - Blink                 Tloc           N/A        N/A       7%          2
b - Teleport Other        Tloc           13%        N/A       14%         3
c - Static Discharge      Conj/Air       15%        N/A       6%          2
d - Poisonous Vapours     Pois/Air       30%        N/A       6%          2
e - Gell's Gravitas       Tloc           6%         N/A       14%         3

Your spell library contained the following spells:

 Spells                   Type           Power      Damage    Failure   Level
 Magic Dart               Conj           48%        1d5       5%          1
 Corpse Rot               Necr/Air       N/A        N/A       10%         2
 Mephitic Cloud           Conj/Pois/Air  14%        N/A       13%         3
 Lesser Beckoning         Tloc           13%        N/A       14%         3
 Call Imp                 Summ           4%         N/A       21%         2
 Lightning Bolt           Conj/Air       7%         1d20      71%         5
 Manifold Assault         Tloc           13%        N/A       77%         5
 Maxwell's Capacitive Co  Air            8%         ∞         100%        8


Dungeon Overview and Level Annotations

Branches:
Dungeon (7/15)             Temple (1/1) D:6

Altars:
Cheibriados
Dithmenos
Fedhas
Gozag
Hepliaklqana
Kikubaaqudgha
Nemelex Xobeh
Sif Muna
Trog
Vehumet
Wu Jian
Xom
Yredelemnul
Zin
The Shining One

Shops:
D:5 ?

Annotations:
D:3 Duvessa


Innate Abilities, Weirdness & Mutations

You are a tree.
Your roots penetrate the ground, keeping you stationary.
You cannot be teleported.
You are immune to unholy pain and torment.
Your maximum health is greatly increased.
Your equipment is partially melded.
You are too large for most types of armour.
((You have tough skin. (AC +1)))


Message History

The orc priest casts a cantrip, but nothing happens.
The orc wizard gestures at you while chanting.
The magic dart hits you but does no damage.
The orc warrior hits you but does no damage.
Unknown command.
You sock the orc priest!
You kill the orc priest!
The Shining One accepts your kill.
You can now call upon the Shining One for a divine shield.
The orc wizard hits you but does no damage.
Unknown command.
It was a potion of flight.
Your roots keep you in place.
The orc warrior hits you with a +0 war axe.
* * * LOW HITPOINT WARNING * * *
Okay, then.
Okay, then.
You sock the orc wizard!
You kill the orc wizard!
Reactivating autopickup.
The orc warrior hits you with a +0 war axe.
* * * LOW HITPOINT WARNING * * *
The centaur skeleton hits you but does no damage.
The centaur skeleton kicks you but does no damage.
You sock the orc warrior!
The orc warrior is heavily wounded.
The orc warrior hits you but does no damage.
The centaur skeleton hits you but does no damage.
The centaur skeleton kicks you but does no damage.
Unknown command.
You puncture the centaur skeleton!
The centaur skeleton convulses!
The centaur skeleton is heavily damaged.
The centaur skeleton hits you but does no damage.
The centaur skeleton kicks you but does no damage.
The orc warrior completely misses you.
Unknown command.
You puncture the centaur skeleton!
You destroy the centaur skeleton!
The Shining One accepts your kill.
The orc warrior hits you with a +0 war axe!
You die...

#.#####
#....)## #
#...##.##
##
#..####.##
.####.##
##.###
..##..#
##..#
#.....#
##.##
#.....#
##..###.#
#.....#
#...♣o..#
......#
#..###))..#
......#
#.##
#........
.##..## #.
.......##
'####.##.
........#
...# ...
.........#
_..# ...
#........#
...# ..
..>......#
####


You could see an orc warrior.

Vanquished Creatures
  Sigmund (D:6)
  Edmund (D:4)
  A water moccasin (D:6)
  A sky beast (D:5)
  2 ice beasts
  A black bear (D:4)
  A hornet zombie (D:5)
  A necrophage (D:6)
  An ogre (D:3)
  A centaur (D:5)
  Blork the orc (D:4)
  3 scorpions
  A water moccasin skeleton (D:6)
  Dowan (D:3)
  A bullfrog zombie (D:6)
  2 jellies
  4 orc priests
  4 hounds
  2 bullfrog skeletons (D:4)
  2 centaur skeletons
  A gnoll shaman (D:3)
  3 iguanas
  3 orc wizards
  A killer bee zombie (D:5)
  A hound zombie (D:5)
  5 gnolls
  A howler monkey skeleton (D:6)
  A howler monkey zombie (D:6)
  3 adders (D:2)
  A shadow imp (D:5)
  A white imp (D:6)
  An ufetubus (D:5)
  An adder skeleton (D:4)
  A worm (D:2)
  A dart slug (D:2)
  5 orcs
  6 ball pythons
  10 bats
  5 endoplasms
  6 giant cockroaches
  4 goblins
  7 hobgoblins
  6 jackals
  3 quokkas
  7 frilled lizards
  5 kobolds
  2 rats
123 creatures vanquished.

Vanquished Creatures (others)
  2 hounds (D:5)
2 creatures vanquished.

Grand Total: 125 creatures vanquished

Notes
Turn   | Place    | Note
-------+----------+-------------------------------------------
     0 | D:1      | Shayle the Ogre Warper began the quest for the Orb.
     0 | D:1      | Reached XP level 1. HP: 22/22 MP: 3/3
   127 | D:1      | Reached skill level 3 in Fighting
   214 | D:1      | Reached XP level 2. HP: 31/31 MP: 5/5
   275 | D:1      | Found a faded altar of an unknown god.
  1099 | D:2      | Reached XP level 3. HP: 36/39 MP: 6/6
  1358 | D:2      | Reached skill level 4 in Fighting
  1746 | D:2      | Reached XP level 4. HP: 33/49 MP: 7/7
  2452 | D:3      | Found a glowing silver altar of Zin.
  2540 | D:3      | Reached skill level 5 in Fighting
  2655 | D:3      | Found a sparkling altar of Nemelex Xobeh.
  2705 | D:3      | Found a radiant altar of Vehumet.
  2749 | D:3      | Noticed a water moccasin
  2828 | D:3      | Learned a level 2 spell: Blink
  2832 | D:3      | Learned a level 3 spell: Teleport Other
  2835 | D:3      | Learned a level 2 spell: Static Discharge
  2948 | D:3      | Reached XP level 5. HP: 57/57 MP: 8/8
  3071 | D:3      | Learned a level 2 spell: Poisonous Vapours
  3323 | D:4      | Noticed Blork the orc
  3323 | D:4      | Noticed Duvessa
  3323 | D:4      | Noticed Dowan
  3323 | D:4      | Noticed an ogre
  4245 | D:3      | Killed Dowan
  4246 | D:3      | Reached skill level 1 in Conjurations
  4246 | D:3      | Reached skill level 1 in Air Magic
  4246 | D:3      | Reached XP level 6. HP: 57/66 MP: 8/10
  4361 | D:3      | Reached skill level 1 in Poison Magic
  4686 | D:4      | Found a glowing golden altar of the Shining One.
  5021 | D:4      | Became a worshipper of the Shining One
  5058 | D:4      | Killed Blork the orc
  5059 | D:4      | Reached XP level 7. HP: 74/74 MP: 2/11
  5645 | D:4      | Reached skill level 6 in Fighting
  5803 | D:4      | Reached skill level 1 in Invocations
  5891 | D:5      | Entered Level 5 of the Dungeon
  6372 | D:5      | Found Arocetul's Magic Scroll Emporium.
  6419 | D:5      | Reached XP level 8. HP: 66/84 MP: 8/13
  6499 | D:5      | Learned a level 3 spell: Gell's Gravitas
  6691 | D:5      | Reached * piety under the Shining One
  7165 | D:5      | Noticed Edmund
  7193 | D:4      | Killed Edmund
  7194 | D:4      | Reached skill level 5 in Polearms
  7194 | D:4      | Reached skill level 1 in Armour
  7458 | D:5      | Found a shimmering altar of Xom.
  7480 | D:5      | Reached skill level 7 in Fighting
  7772 | D:6      | Noticed Sigmund
  7791 | D:6      | Killed Sigmund
  7792 | D:6      | Reached XP level 9. HP: 68/93 MP: 9/16
  7816 | D:6      | Reached skill level 5 in Spellcasting
  8397 | D:6      | Found a staircase to the Ecumenical Temple.
  8404 | Temple   | Entered the Ecumenical Temple
  8560 | D:7      | Found a shimmering blue altar of Sif Muna.
  8624 | D:7      | Reached ** piety under the Shining One
  8629 | D:7      | Slain by an orc warrior

Illustrated notes

Levels and vault maps discovered:
D:1:      lightli_arrival_maybe_door_vault, layout_basic,
          hellmonk_ecumenical_altar_prayer_group
D:2:      layout_basic
D:3:      minmay_spotlight, layout_loops_ring, lemuel_crystal_altar,
          nicolae_vehumet_altar_sigil, mainiacjoe_overflow_24_doors,
          corner_web_ring
D:4:      layout_rooms, tso_metal_star, dk_noncrumbling_3, uniq_blork_the_orc,
          uniq_duvessa
D:5:      layout_basic, xom_confusion_cloud, serial_shops, shop, uniq_edmund
D:6:      layout_loops_ring, minmay_temple_entry_enclosed_plants, uniq_sigmund
D:7:      nzn_winding_woodlands_small [nzn_winding_woodlands_5x15_split_checker,
          nzn_winding_woodlands_center_lodge, nzn_winding_woodlands_5x15_eye],
          layout_layer_cave, nicolae_qazlal_style_of_elements,
          lemuel_coloured_pillars_altar, nicolae_sif_muna_little_library,
          minmay_manual_moon
Temple:   kb_temple_of_zot

Skill      XL: |  1  2  3  4  5  6  7  8  9 |
---------------+----------------------------+-----
Fighting       | 3 4 5 6 7 |  7.9
Polearms       | 3 4 5 |  5.8
Conjurations   | 1 2 |  2.3
Air Magic      | 1 2 3 |  3.9
Spellcasting   | 3 4 5 |  5.3
Poison Magic   | 1 2 |  2.2
Invocations    | 1 3 4 |  4.2
Armour         | 1 2 |  2.5
Throwing       | |  1.0
Dodging        | |  2.1
Translocations | |  2.6

Action                   |  1- 3 |  4- 6 |  7- 9 || total
-------------------------+-------+-------+-------++-------
Melee: Spear             |    48 |    74 |   200 ||   322
       Dagger            |    75 |   119 |       ||   194
       Dire flail        |       |       |    69 ||    69
Throw: Boomerang         |       |     3 |       ||     3
 Cast: Static Discharge  |       |    13 |    13 ||    26
       Poisonous Vapours |       |     7 |    28 ||    35
       Blink             |       |     1 |     1 ||     2
       Teleport Other    |       |     3 |     1 ||     4
  Use: Scroll            |       |     6 |     9 ||    15
       Potion            |       |     6 |     4 ||    10
 Stab: Sleeping          |       |     1 |       ||     1
Armor: Robe              |    48 |    56 |    27 ||   131
       Skin              |       |     7 |    13 ||    20
       Troll leather arm |       |       |    54 ||    54
Dodge: Dodged            |    64 |    89 |   138 ||   291

Table legend: (Time is in decaauts)
 A = Elapsed time spent in this place.
 B = Non-inter-level travel time spent in this place.
 C = Inter-level travel time spent in this place.
 D = Time resting spent in this place.
 E = Time spent auto-exploring this place.
 F = Levels seen in this place.
 G = Mean time per level.
                   A        B        C        D        E       F      G
               +--------+--------+--------+--------+--------+-----+--------+
         Total |   8623 |   8294 |    329 |   2143 |   4159 |   8 | 1077.9 |
       Dungeon |   8515 |   8202 |    313 |   2143 |   4076 |   7 | 1216.4 |
        Temple |    107 |     91 |     16 |      0 |     83 |   1 |  107.0 |
               +--------+--------+--------+--------+--------+-----+--------+

Top non-repeatable levels by time:
     D:4: 1916 daAuts
     D:3: 1896 daAuts
     D:2: 1506 daAuts
     D:5: 1303 daAuts
     D:1: 1080 daAuts
     D:6: 742 daAuts
  Temple: 107 daAuts
     D:7: 70 daAuts
